[Event "ICC tourney 1955 (60 10)"]
[Site "Internet Chess Club"]
[Date "2020.08.08"]
[Round "6"]
[White "ImmorTalChamp"]
[Black "cdj12417489"]
[Result "1-0"]
[ICCResult "Black forfeits on time"]
[WhiteElo "1796"]
[BlackElo "1298"]
[Opening "Sicilian: Najdorf, Byrne (English) attack"]
[ECO "B90"]
[NIC "SI.14"]
[Time "18:37:09"]
[TimeControl "3600+10"]

1. e4 c5 2. Nf3 d6 3. d4 cxd4 4. Nxd4 Nf6 5. Nc3 a6 6. Be3 b5 7. f3 Bb7 8.
Qd2 Nbd7 9. O-O-O Rc8 10. g4 h6 11. h4 Qa5 12. Nb3 Qc7 13. a3 Ne5 14. Be2
Nc4 15. Bxc4 bxc4 16. Nd4 e6 17. Nde2 d5 18. g5 hxg5 19. hxg5 Rxh1 20. Rxh1
Nxe4 21. fxe4 dxe4 22. Rd1 Bc6 23. Qd4 Bb7 24. Bf4 Qc6 25. Nxe4 Qb5 26. N2c3
Qc6 27. Be5 Be7 28. Bxg7 Rd8 29. Qxd8+ Bxd8 30. Nd6+ Kd7 31. Nxb7+ Kc7 32.
Nxd8 Qe8 33. Be5+ Kb6 34. Bf6 Ka5 35. Rd6 {Black forfeits on time} 1-0

[Event "ICC tourney 1955 (60 10)"]
[Site "Internet Chess Club"]
[Date "2020.08.08"]
[Round "6"]
[White "davidbtn"]
[Black "BirchRun"]
[Result "0-1"]
[ICCResult "White forfeits on time"]
[WhiteElo "1774"]
[BlackElo "1888"]
[Opening "Réti: King's Indian attack (Barcza system)"]
[ECO "A07"]
[NIC "QP.09"]
[Time "18:37:37"]
[TimeControl "3600+10"]

1. Nf3 d5 2. g3 Nf6 3. Bg2 c6 4. O-O Nbd7 5. d4 g6 6. c4 e6 7. b3 Bg7 8. Bb2
O-O 9. Nc3 Qb6 10. Qc2 Re8 11. e4 dxe4 12. Nxe4 Nxe4 13. Qxe4 Nf6 14. Qc2
Qc7 15. Ne5 Bd7 16. Rad1 Red8 17. Bc1 Be8 18. Bg5 h6 19. Bf4 Qb6 20. Be3 Qc7
21. Qe2 a5 22. Ng4 Nxg4 23. Qxg4 Qe7 24. h4 h5 25. Qe4 a4 26. Bg5 Bf6 27.
Bxf6 Qxf6 28. b4 Kg7 29. a3 Rd7 30. Rd2 Rad8 31. Rfd1 Qf5 32. Qe2 Qf6 33.
Qe3 Rd6 34. Be4 R6d7 35. Bc2 Ra8 36. Rd3 Rdd8 37. R1d2 Rd7 38. Qe2 Rad8 39.
Qd1 b5 40. cxb5 cxb5 41. Bb1 Rd6 42. Ba2 Bc6 43. Bb1 Bd5 44. Qc2 Be4 45. Qc5
Rd5 46. Qc7 Qf5 47. Re3 Bxb1 48. Qb7 R8d7 49. Qc6 Qf6 50. Re1 Bf5 51. Rc1
Be4 52. Rc3 Rxd4 {White forfeits on time} 0-1

[Event "ICC tourney 1955 (60 10)"]
[Site "Internet Chess Club"]
[Date "2020.08.08"]
[Round "6"]
[White "advaith06"]
[Black "agpil"]
[Result "1-0"]
[ICCResult "Black checkmated"]
[WhiteElo "2029"]
[BlackElo "1822"]
[Opening "King's Indian: fianchetto, Simagin variation"]
[ECO "E62"]
[NIC "KI.72"]
[Time "18:37:01"]
[TimeControl "3600+10"]

1. d4 Nf6 2. c4 g6 3. g3 Bg7 4. Bg2 O-O 5. Nf3 d6 6. O-O Nc6 7. Nc3 Bg4 8.
h3 Bxf3 9. Bxf3 Nd7 10. Be3 e5 11. d5 Ne7 12. Bg2 Nf5 13. Bd2 h5 14. e4 Nh6
15. f3 f5 16. Be1 a6 17. Bf2 f4 18. g4 g5 19. b4 hxg4 20. hxg4 Kf7 21. Bh3
Rh8 22. Kg2 Qe7 23. Rh1 Rh7 24. Qe2 Bf8 25. Rac1 Kg8 26. Nb1 Qd8 27. Nd2 Qb8
28. c5 Nf7 29. Nb3 b6 30. Qc4 bxc5 31. bxc5 dxc5 32. Nxc5 Nxc5 33. Bxc5 Nd6
34. Qc2 Qe8 35. Kg1 Rb8 36. Bg2 Rxh1+ 37. Kxh1 Rb5 38. Bf1 Ra5 39. Bb4 Ra4
40. a3 Qd7 41. Qxc7 Qxc7 42. Rxc7 Nf7 43. Rc8 Rxb4 44. axb4 Kg7 45. Rb8 Bd6
46. Rb7 Kf6 47. Bxa6 Nd8 48. Rd7 Nf7 49. b5 Kg7 50. Rxd6 Nxd6 51. b6 Kf7 52.
b7 Nxb7 53. Bxb7 Ke7 54. Kg2 Kd6 55. Kf2 Kc5 56. Ke2 Kd6 57. Kd3 Kc5 58. Kc3
Kb6 59. Bc6 Kc5 60. Kb3 Kd4 61. d6 Ke3 62. d7 Kxf3 63. d8=Q Kxg4 64. Bd7+
Kh4 65. Qf6 Kh5 66. Qxe5 Kh4 67. Qf5 Kg3 68. Qxg5+ Kf3 69. e5 Ke3 70. e6 Ke4
71. e7 f3 72. e8=Q+ Kd3 73. Qee3# {Black checkmated} 1-0

[Event "ICC tourney 1955 (60 10)"]
[Site "Internet Chess Club"]
[Date "2020.08.08"]
[Round "6"]
[White "asergeev"]
[Black "ganzy"]
[Result "1-0"]
[ICCResult "Black checkmated"]
[WhiteElo "1945"]
[BlackElo "2051"]
[Opening "Queen's pawn: London system"]
[ECO "A45"]
[NIC "QP.07"]
[Time "18:37:32"]
[TimeControl "3600+10"]

1. d4 Nf6 2. Bf4 d5 3. e3 Bf5 4. c4 e6 5. Nc3 Bd6 6. Bg3 Ne4 7. cxd5 exd5 8.
Qb3 c6 9. Qxb7 O-O 10. Nxe4 Bxe4 11. Ne2 Bxg3 12. Nxg3 Nd7 13. Nxe4 dxe4 14.
Qxc6 Rb8 15. Qc3 Qg5 16. g3 Rfc8 17. Qd2 Rc7 18. Bh3 Nb6 19. b3 Qh5 20. Bg2
Qb5 21. Bxe4 Rbc8 22. Bd3 Qh5 23. O-O Nd5 24. Rfc1 Nf6 25. Rxc7 Rxc7 26. Rc1
Ng4 27. Rxc7 Qxh2+ 28. Kf1 g6 29. Bc4 Qh1+ 30. Ke2 Nh2 31. Bxf7+ Kh8 32. Qe1
Qf3+ 33. Kd2 Qf5 34. Kc1 Nf3 35. Qb4 h5 36. Qf8+ Kh7 37. Be6+ Qf7 38. Rxf7#
{Black checkmated}
1-0

[Event "ICC tourney 1955 (60 10)"]
[Site "Internet Chess Club"]
[Date "2020.08.08"]
[Round "6"]
[White "runtilmorrow1"]
[Black "Alexbander"]
[Result "1-0"]
[ICCResult "Black checkmated"]
[WhiteElo "2040"]
[BlackElo "1715"]
[Opening "Two knights defense"]
[ECO "C55"]
[NIC "KP.02"]
[Time "18:36:54"]
[TimeControl "3600+10"]

1. e4 e5 2. Nf3 Nc6 3. Bc4 Nf6 4. d4 exd4 5. O-O d6 6. Nxd4 Be7 7. Nc3 O-O
8. h3 Ne5 9. Be2 Re8 10. f4 Nc6 11. Be3 Nxe4 12. Nxe4 Bf8 13. Nxc6 bxc6 14.
Qd4 c5 15. Qd2 Bb7 16. Nc3 d5 17. Bf2 Rb8 18. Rfe1 g6 19. Bf3 c6 20. Rxe8
Qxe8 21. Re1 Qd7 22. Ne4 Bg7 23. Nxc5 Qc7 24. c3 h6 25. Bh4 Bf8 26. Nd3 Ba6
27. Ne5 Re8 28. Bg3 Bg7 29. Ng4 Rxe1+ 30. Qxe1 Qb6+ 31. Kh2 Qd8 32. Ne5 Qc7
33. f5 Bxe5 34. Bxe5 Qe7 35. fxg6 fxg6 36. Qg3 Kh7 37. Qf4 Bc8 38. h4 Bf5
39. h5 Qg5 40. Qxg5 hxg5 41. hxg6+ Kxg6 42. g4 Bb1 43. a4 Bd3 44. Kg3 Kf7
45. Bd4 a6 46. Kf2 Ke6 47. Ke3 Bf1 48. Bd1 Ke7 49. Bc2 Ke6 50. Kf2 Bh3 51.
Bd1 Ke7 52. Be2 Ke6 53. Kg3 Bxg4 54. Kxg4 Kd6 55. Bxa6 c5 56. Bf2 Kc6 57.
Kxg5 c4 58. Kf6 Kd6 59. Bb5 Kc7 60. Ke6 Kb7 61. Kxd5 Kc7 62. a5 Kb7 63. Bg3
Ka8 64. Kc6 Ka7 65. Bf2+ Ka8 66. Kb6 Kb8 67. Ba6 Ka8 68. Bb7+ Kb8 69. Bg3#
{Black checkmated}
1-0

[Event "ICC tourney 1955 (60 10)"]
[Site "Internet Chess Club"]
[Date "2020.08.08"]
[Round "6"]
[White "RogerZ"]
[Black "town"]
[Result "0-1"]
[ICCResult "White checkmated"]
[WhiteElo "1936"]
[BlackElo "2135"]
[Opening "Sicilian: Kan, 5.Nc3"]
[ECO "B43"]
[NIC "SI.41"]
[Time "18:36:48"]
[TimeControl "3600+10"]

1. e4 c5 2. Nf3 e6 3. d4 cxd4 4. Nxd4 a6 5. Nc3 Qc7 6. Bd3 Nf6 7. Qe2 d6 8.
O-O Be7 9. Kh1 Nbd7 10. f4 O-O 11. Bd2 Nc5 12. Rae1 Nxd3 13. cxd3 b5 14. e5
dxe5 15. fxe5 Nd7 16. Qh5 Bb7 17. Re3 h6 18. h4 Rac8 19. Rfe1 Kh8 20. Rg3
Nf6 21. Qe2 Bc5 22. Nb3 Bb6 23. Bf4 Nh7 24. Qg4 Rg8 25. Ne4 Qe7 26. Nd6 Bf2
27. Nxc8 Bxc8 28. Rc1 Bxg3 29. Bxg3 Bb7 30. Qd4 Rc8 31. Rxc8+ Bxc8 32. Nc5
Nf8 33. Ne4 Bb7 34. Nd6 Bd5 35. b3 Nd7 36. Qa7 f6 37. Qxa6 Nxe5 38. Nxb5 Qc5
39. Nd6 Qc1+ 40. Kh2 Qf1 41. Qc8+ Kh7 42. Ne4 Bxe4 43. dxe4 Ng4+ 44. Kh3 Ne3
45. h5 Qxg2+ 46. Kh4 Qxe4+ 47. Kh3 Qg2+ 48. Kh4 Nf5+ 49. Kg4 Qxg3#
{White checkmated}
0-1

[Event "ICC tourney 1955 (60 10)"]
[Site "Internet Chess Club"]
[Date "2020.08.08"]
[Round "6"]
[White "smokyqueen"]
[Black "raghuraja"]
[Result "1/2-1/2"]
[ICCResult "Game drawn by mutual agreement"]
[WhiteElo "1930"]
[BlackElo "1778"]
[Opening "Sicilian"]
[ECO "B50"]
[NIC "SI.01"]
[Time "18:37:52"]
[TimeControl "3600+10"]

1. e4 c5 2. Nf3 d6 3. c3 Nf6 4. Qc2 Nc6 5. Bb5 Bd7 6. O-O a6 7. Bxc6 Bxc6 8.
d3 e6 9. Bg5 Be7 10. Nbd2 O-O 11. e5 dxe5 12. Nxe5 Qc7 13. Bf4 Bd6 14. Ndc4
Nh5 15. Nxd6 Nxf4 16. Qd2 Nxg2 17. Nxc6 Qxc6 18. Ne4 f5 19. Kxg2 fxe4 20.
dxe4 Qxe4+ 21. f3 Qf5 22. Rae1 Rad8 23. Qe3 Rf6 24. Rf2 Rg6+ 25. Kh1 Rf6 26.
Kg2 Rh6 27. Qe4 Qxe4 28. Rxe4 Rg6+ 29. Kf1 Rd1+ 30. Ke2 Rgg1 31. Ke3 Rge1+
32. Kf4 Rxe4+ 33. Kxe4 Kf7 34. Ke5 Rd5+ 35. Ke4 Kf6 36. f4 Rd1 37. Rg2 b5
38. b3 h6 39. Rf2 a5 40. Rg2 a4 41. Rb2 a3 42. Rg2 g6 43. Rf2 Re1+ 44. Kf3
Kf5 45. Rd2 Rb1 46. Rd8 Kf6 47. Rf8+ Ke7 48. Rb8 Rb2 49. Rxb5 Rxa2 50. Rxc5
Ra1 51. Ra5 a2 52. Kg2 Kd6 53. b4 g5 54. fxg5 hxg5 55. c4 e5 56. Ra6+ Kc7
57. c5 e4 58. b5 e3 59. Ra7+ Kb8 60. b6 e2 61. c6 Rc1 62. Rb7+ Kc8 63. Rc7+
Kb8 {Game drawn by mutual agreement} 1/2-1/2

[Event "ICC tourney 1955 (60 10)"]
[Site "Internet Chess Club"]
[Date "2020.08.08"]
[Round "6"]
[White "BranKing"]
[Black "Kyle2007"]
[Result "0-1"]
[ICCResult "White checkmated"]
[WhiteElo "2097"]
[BlackElo "2008"]
[Opening "Sicilian: Hungarian variation"]
[ECO "B27"]
[NIC "SI.43"]
[Time "18:36:35"]
[TimeControl "3600+10"]

1. e4 c5 2. Nf3 g6 3. c3 Bg7 4. d4 cxd4 5. cxd4 d5 6. exd5 Nf6 7. Nc3 Nxd5
8. h3 O-O 9. Be2 Nc6 10. O-O Be6 11. Ne4 Qb6 12. Be3 Nxe3 13. fxe3 Rfd8 14.
b3 Nxd4 15. exd4 Bxd4+ 16. Kh1 Bxa1 17. Qxa1 Qe3 18. Re1 Qxe4 19. Bc4 Qf5
20. Re5 Qf6 21. Bxe6 fxe6 22. Qe1 Rd6 23. Qe3 Rad8 24. Kh2 Rd3 25. Qe4 R8d6
26. h4 h6 27. h5 R3d5 28. hxg6 Rxe5 29. Nxe5 Qf5 30. Qe3 Qh5+ 31. Kg1 Rd1+
32. Kf2 Qh4+ 33. g3 Qh2+ 34. Kf3 Rf1+ 35. Ke4 Qc2+ 36. Nd3 Qc6+ 37. Kd4 Rf3
38. Qxh6 Qd5+ 39. Kc3 Qxd3+ 40. Kb2 Rf2+ 41. Ka3 Qd6+ 42. Ka4 Rxa2+ 43. Kb5
Qc6+ 44. Kb4 a5# {White checkmated} 0-1

[Event "ICC tourney 1955 (60 10)"]
[Site "Internet Chess Club"]
[Date "2020.08.08"]
[Round "6"]
[White "ickyquarter"]
[Black "rockinroll"]
[Result "1-0"]
[ICCResult "Black resigns"]
[WhiteElo "2129"]
[BlackElo "1812"]
[Opening "Scandinavian (center counter) defense"]
[ECO "B01"]
[NIC "VO.17"]
[Time "18:37:20"]
[TimeControl "3600+10"]

1. e4 d5 2. exd5 Qxd5 3. Nf3 Nc6 4. Nc3 Qd6 5. Be2 Bg4 6. h3 Bh5 7. O-O
O-O-O 8. d3 e5 9. Be3 a6 10. a3 f5 11. b4 f4 12. Bc5 Qd7 13. Ne4 Nf6 14.
Nxf6 gxf6 15. Qe1 Rg8 16. Kh1 Bxc5 17. bxc5 Bxf3 18. Bxf3 Nd4 19. c6 Nxc6
20. Rb1 Rg6 21. Qc3 f5 22. Rfe1 Re8 23. Bh5 e4 24. Bxg6 hxg6 25. dxe4 fxe4
26. Qb3 b6 27. Qc4 b5 28. Qc3 f3 29. Rbd1 fxg2+ 30. Kxg2 Qe6 31. Re3 Rf8 32.
Rde1 Rf4 33. Qh8+ Kb7 34. R1e2 Ne7 35. Rg3 Nf5 36. Rc3 Nh4+ 37. Kf1 Qd5 38.
Qg7 Rf7 39. Qh6 e3 40. Rexe3 Qg2+ 41. Ke1 Qg1+ 42. Kd2 Qxf2+ 43. Kc1 Nf5 44.
Qxg6 Nxe3 45. Qc6+ Ka7 46. Qc5+ Kb7 47. Rxe3 Qf1+ 48. Kb2 Qf6+ 49. Ka2 Qf5
50. Qc3 Qd5+ 51. Kb2 Rf1 52. Re7 Qd6 53. Rg7 Rf5 54. h4 Rc5 55. Qf3+ Rc6 56.
Rg4 Qe5+ 57. Kb1 Qe1+ 58. Kb2 Qe5+ 59. Ka2 Qh2 60. Rg2 Qxh4 61. Re2 Qc4+ 62.
Kb2 Ka7 63. Qe3+ Qc5 64. Qe4 Qc3+ 65. Ka2 Rc4 66. Qe7 b4 67. axb4 Rxb4 68.
Qe3+ Qxe3 69. Rxe3 Kb6 70. Re6+ c6 71. Re8 Rc4 72. Kb2 a5 73. Rb8+ Kc5 74.
Ra8 a4 75. Ra5+ Kb4 76. Ra8 Rc5 77. c3+ Kc4 78. Rxa4+ Kd3 79. Rd4+ Ke3 80.
Rd6 Ke4 81. Kb3 Ke5 82. Rh6 Rd5 83. Rxc6 Rd8 84. Rc4 Kd6 85. Rd4+ Kc7 86.
Rxd8 Kxd8 87. Kb4 Kc8 88. Kc5 {Black resigns} 1-0

[Event "ICC tourney 1955 (60 10)"]
[Site "Internet Chess Club"]
[Date "2020.08.08"]
[Round "6"]
[White "VincentT2008"]
[Black "saiabhi29"]
[Result "0-1"]
[ICCResult "White resigns"]
[WhiteElo "1853"]
[BlackElo "2068"]
[Opening "QGD Slav defense"]
[ECO "D13"]
[NIC "SL.01"]
[Time "18:37:06"]
[TimeControl "3600+10"]

1. d4 d5 2. c4 c6 3. Nc3 Nf6 4. cxd5 cxd5 5. Nf3 Nc6 6. Bf4 a6 7. e3 e6 8.
Be2 Bd6 9. Bxd6 Qxd6 10. O-O O-O 11. Rc1 b5 12. a3 Bb7 13. b4 Rac8 14. Nd2
Nd7 15. Nb3 Rfd8 16. Nc5 Nxc5 17. dxc5 Qe5 18. Bf3 Qf6 19. Ne2 Ne5 20. Nd4
Nc4 21. Ra1 Bc6 22. Be2 e5 23. Nxc6 Qxc6 24. Bxc4 bxc4 25. Qc2 Qg6 26. Qc3
Qe4 27. Rfd1 h6 28. Rd2 Qf5 29. Rad1 Qe6 30. h3 Rd7 31. a4 a5 32. Kh1 axb4
33. Qxb4 Qc6 34. e4 d4 35. Qxc4 Qxc5 36. Qb5 Qxb5 37. axb5 Rb7 38. Rb1 Kf8
39. Kg1 Ke7 40. Kf1 Kd6 41. Ke2 Rc5 42. Rdb2 Rb6 43. f3 Kc7 44. Kd2 Kb7 45.
Ke2 Rd6 46. Kd3 Rd8 47. Rb3 Ra8 48. f4 exf4 49. Kxd4 Kb6 50. e5 Rd8+ 51. Ke4
Rdd5 52. Kxf4 Rxe5 53. R1b2 Rxb5 54. Rxb5+ Rxb5 55. Re2 Kc6 56. Re7 Rb7 57.
Re8 Kd6 58. Kf5 Kd7 59. Re2 Rb5+ 60. Kf4 Rb6 61. Rd2+ Ke6 62. Rd4 Rb3 63.
Ra4 g5+ 64. Ke4 Kf6 65. Ra6+ Kg7 66. Ra2 Kg6 67. Rf2 f5+ 68. Ke5 Re3+ 69.
Kd4 f4 70. Ra2 Kh5 71. Ra6 Re2 72. h4 Rxg2 {White resigns} 0-1

[Event "ICC tourney 1955 (60 10)"]
[Site "Internet Chess Club"]
[Date "2020.08.08"]
[Round "6"]
[White "chesslin"]
[Black "dzchess01"]
[Result "1-0"]
[ICCResult "Black resigns"]
[WhiteElo "1952"]
[BlackElo "1785"]
[Opening "Queen's pawn: London system"]
[ECO "A45"]
[NIC "QP.07"]
[Time "18:37:06"]
[TimeControl "3600+10"]

1. d4 Nf6 2. Bf4 e6 3. e3 b6 4. Nf3 Bb7 5. Bd3 c5 6. c3 cxd4 7. exd4 Be7 8.
Nbd2 O-O 9. Nc4 d6 10. O-O b5 11. Ncd2 a6 12. h3 Nbd7 13. Re1 Nb6 14. Bh2
Rc8 15. Qe2 Bd5 16. Rec1 Nc4 17. Nf1 Bxf3 18. gxf3 Nd5 19. f4 Bf6 20. a4 Na5
21. axb5 Nb3 22. bxa6 Nxc1 23. Rxc1 Nb4 24. Be4 d5 25. Bg2 Qb6 26. Ra1 Nc6
27. Ra4 Rb8 28. a7 Nxa7 29. Ra6 Qb5 30. Qxb5 Nxb5 31. f5 Rbe8 32. Ra5 Rb8
33. Bxb8 Rxb8 34. Ne3 Bd8 35. Ra2 Kf8 36. Bf3 Ke7 37. fxe6 fxe6 38. Be2 Kd6
39. Ng4 Nc7 40. Ne5 Bf6 41. f4 Bxe5 42. fxe5+ Kc6 43. Kf2 Rf8+ 44. Ke3 g5
45. Ra1 Rb8 46. b4 Kb6 47. Ra5 Rh8 48. Ra1 h5 49. Rg1 g4 50. hxg4 hxg4 51.
Bxg4 Nb5 52. Kd3 Rc8 53. Rc1 Rc6 54. Kd2 Rc4 55. Be2 Rc6 56. Bxb5 Kxb5 57.
Ra1 Rc7 58. Ra5+ Kb6 59. Rc5 Rg7 60. Ke3 Rg3+ 61. Kf4 Rg6 62. Ra5 Rg1 63.
Rc5 Rg6 64. Kf3 Rg1 65. Kf2 Rg6 66. Ke2 Rg2+ 67. Kd3 Rg3+ 68. Kc2 Rg2+ 69.
Kb3 Rg1 70. Rc8 Rb1+ 71. Kc2 Rg1 72. Re8 Rg6 73. Kb3 Kb5 74. Rb8+ Kc6 75.
Rf8 Rg1 76. Rf6 Kd7 77. Rf7+ Kc6 78. Rf6 Kd7 79. Rf2 Kc6 80. Ra2 Rg6 81. Ka4
Rg3 82. b5+ Kb6 83. Kb4 {Black resigns} 1-0

[Event "ICC tourney 1955 (60 10)"]
[Site "Internet Chess Club"]
[Date "2020.08.08"]
[Round "6"]
[White "icyblizzard"]
[Black "aarushnaveen"]
[Result "0-1"]
[ICCResult "White resigns"]
[WhiteElo "2059"]
[BlackElo "1702"]
[Opening "Ruy Lopez: closed, Chigorin, 12...c5d4"]
[ECO "C99"]
[NIC "RL.24"]
[Time "18:37:22"]
[TimeControl "3600+10"]

1. e4 e5 2. Nf3 Nc6 3. Bb5 a6 4. Ba4 Nf6 5. O-O Be7 6. Re1 b5 7. Bb3 d6 8.
c3 O-O 9. h3 Na5 10. Bc2 c5 11. d4 Qc7 12. Nbd2 cxd4 13. cxd4 Nc6 14. d5 Nb4
15. Bb1 a5 16. Nf1 Bd7 17. a3 Na6 18. Be3 Nc5 19. Ng3 Rfc8 20. Bc2 Qb7 21.
b3 Bd8 22. Rc1 Bb6 23. Nd2 Na6 24. Qf3 Rc7 25. Bb1 Rac8 26. Rxc7 Qxc7 27.
Ndf1 Bxe3 28. Qxe3 h6 29. Ne2 b4 30. Rc1 Qb7 31. a4 Rxc1 32. Qxc1 Nc5 33.
Qe3 Qc7 34. Nd2 Bc8 35. Ng3 Ba6 36. Nf5 Nh5 37. g3 Bc8 38. Qf3 Bxf5 39. Qxh5
Bc8 40. Kg2 Ba6 41. Qd1 Nb7 42. Qc2 Qc3 43. h4 Nc5 44. Qd1 Bd3 45. Bxd3 Qxd3
46. Qg4 g6 47. Nc4 Nxe4 48. h5 Qc2 49. Qf3 Ng5 50. Qf6 Qxb3 51. Ne3 Qd3 52.
Qxd6 Qe4+ 53. Kg1 Nh3+ 54. Kf1 Qb1+ 55. Kg2 Qg1+ 56. Kf3 Qxf2+ 57. Ke4 Ng5+
58. Kd3 e4+ 59. Kd4 Qd2+ 60. Ke5 Qb2+ 61. Kf4 Qf2+ 62. Ke5 Qxg3+ 63. Kd4
Qxd6 {White resigns} 0-1

[Event "ICC tourney 1955 (60 10)"]
[Site "Internet Chess Club"]
[Date "2020.08.08"]
[Round "6"]
[White "Almanac2050"]
[Black "StarWaricc"]
[Result "0-1"]
[ICCResult "White forfeits on time"]
[WhiteElo "1500"]
[BlackElo "1687"]
[Opening "Sicilian: Anderssen variation"]
[ECO "B41"]
[NIC "SI.41"]
[Time "18:40:34"]
[TimeControl "3600+10"]

1. e4 c5 2. Nf3 e6 3. d4 cxd4 4. Nxd4 Nf6 5. Nc3 Nc6 6. Be3 Bb4 7. Bd3 d5 8.
exd5 Nxd5 9. Nxc6 bxc6 10. Bd2 Nxc3 11. bxc3 Be7 12. O-O O-O 13. Qf3 Qd5 14.
Qe2 Bb7 15. c4 Qd7 16. Bc3 c5 17. Rfe1 Bd6 18. Be4 Bxe4 19. Qxe4 Qc7 20. h3
Rab8 21. Qg4 f5 22. Qf3 Rfe8 23. Re2 Re7 24. Rae1 Rbe8 25. Be5 Bxe5 26. Rxe5
Qd6 27. Qe3 Kf7 28. Qxc5 Qxc5 29. Rxc5 Rb8 30. Rb5 Rc8 31. c5 Rec7 32. Re5
Kf6 33. f4 g5 34. g3 h5 35. Ra5 h4 36. Ra6 Rc6 37. Rxc6 Rxc6 38. Kf2 Ra6 39.
Re2 gxf4 40. gxf4 Rxa2 41. Ke3 Ke7 42. Kd4 Ra4+ 43. c4 Ra3 44. Rh2 a5 45.
Ke5 Re3+ 46. Kd4 Re4+ 47. Kc3 Rxf4 48. Kb3 a4+ 49. Kxa4 Rxc4+ 50. Kb5 Rc3
51. Kb6 f4 52. c6 f3 53. c7 e5 54. Kb7 e4 {White forfeits on time} 0-1

[Event "ICC tourney 1955 (60 10)"]
[Site "Internet Chess Club"]
[Date "2020.08.08"]
[Round "6"]
[White "aghilan"]
[Black "Singireddy"]
[Result "1-0"]
[ICCResult "Black resigns"]
[WhiteElo "1883"]
[BlackElo "1968"]
[Opening "KGA: Schallop defense"]
[ECO "C34"]
[NIC "KG.02"]
[Time "18:37:21"]
[TimeControl "3600+10"]

1. e4 e5 2. f4 exf4 3. Nf3 Nf6 4. e5 Nh5 5. d4 d5 6. Be2 Nc6 7. O-O Bg4 8.
c3 g5 9. c4 Be6 10. Nc3 h6 11. cxd5 Bxd5 12. b3 g4 13. Nxd5 Qxd5 14. Kh1
O-O-O 15. Nh4 Ng7 16. Bxg4+ Kb8 17. Bb2 Be7 18. Rxf4 Bg5 19. Bf3 Qd7 20.
Bxc6 Qxc6 21. Rxf7 Ne6 22. Ng6 Rhg8 23. Qd3 Nxd4 24. Bxd4 Rxg6 25. Rd1 Be3
26. Rf3 Bg5 27. Qe2 b6 28. Bb2 Re8 29. Rf7 Be7 30. Rd2 Bc5 31. Qf3 Qxf3 32.
Rxf3 Rd6 33. Rxd6 cxd6 34. Rf5 dxe5 35. Bxe5+ Kc8 36. g4 Kd7 37. Kg2 Re6 38.
Kf3 Be7 39. Kf4 Bg5+ 40. Ke4 Ke8 41. Kd5 Rg6 42. h3 Be7 43. Rh5 Bf6 44. Bf4
Bg7 45. g5 hxg5 46. Rxg5 Rxg5+ 47. Bxg5 Kf7 48. h4 Kg6 49. Kc6 Bd4 50. Kb5
a5 51. Bd8 Kh5 52. Bxb6 Bxb6 {Black resigns} 1-0

[Event "ICC tourney 1955 (60 10)"]
[Site "Internet Chess Club"]
[Date "2020.08.08"]
[Round "6"]
[White "MateOnF7"]
[Black "alphachesplayer"]
[Result "1-0"]
[ICCResult "Black checkmated"]
[WhiteElo "1913"]
[BlackElo "1700"]
[Opening "Giuoco Piano"]
[ECO "C44"]
[NIC "SO.06"]
[Time "18:36:53"]
[TimeControl "3600+10"]

1. e4 e5 2. Nf3 Nc6 3. d4 exd4 4. Bc4 Bc5 5. c3 Nf6 6. e5 d5 7. Bb5 Ne4 8.
cxd4 Bb6 9. O-O O-O 10. Nc3 Bg4 11. Bxc6 bxc6 12. Be3 f6 13. Ne2 Bxf3 14.
gxf3 Ng5 15. f4 Nf3+ 16. Kg2 Nh4+ 17. Kh1 fxe5 18. fxe5 Qd7 19. Rg1 Qf5 20.
Ng3 Qf3+ 21. Qxf3 Nxf3 22. Rgd1 Rae8 23. Ne2 g5 24. Ng3 h6 25. Nh5 Re6 26.
a4 Ba5 27. Ra3 Rb8 28. Bc1 Nh4 29. f4 Nf5 30. fxg5 hxg5 31. Rf3 Ne7 32. Nf6+
Kg7 33. Rg1 Ng6 34. Rxg5 Rh8 35. Rfg3 Rh6 36. R5g4 Rh8 37. Rxg6+ Kf7 38. Bh6
Ke7 39. Rg7+ Kd8 40. Rg8+ Rxg8 41. Rxg8+ Ke7 42. Re8+ Kf7 43. Rxe6 Kxe6 44.
Be3 Be1 45. Kg2 c5 46. Ng4 cxd4 47. Bxd4 a6 48. Kf3 Bb4 49. Kf4 Bf8 50. h4
c5 51. Bf2 d4 52. Ke4 Bg7 53. h5 Bh8 54. Bh4 Bg7 55. h6 Bh8 56. Bf6 Bxf6 57.
Nxf6 Kf7 58. e6+ Kxf6 59. h7 Kg7 60. e7 Kxh7 61. e8=Q Kg7 62. Qe5+ Kg6 63.
Qxc5 d3 64. Kxd3 Kf6 65. Ke4 Ke6 66. Qe5+ Kf7 67. Kf5 Kg8 68. Kg6 Kf8 69.
Qe6 a5 70. Qf7# {Black checkmated} 1-0

[Event "ICC tourney 1955 (60 10)"]
[Site "Internet Chess Club"]
[Date "2020.08.08"]
[Round "6"]
[White "AlexEmmons"]
[Black "matein7"]
[Result "1/2-1/2"]
[ICCResult "Game drawn by mutual agreement"]
[WhiteElo "2029"]
[BlackElo "1920"]
[Opening "Sicilian: Canal-Sokolsky (Nimzovich-Rossolimo, Moscow) attack"]
[ECO "B51"]
[NIC "SI.01"]
[Time "18:37:20"]
[TimeControl "3600+10"]

1. e4 c5 2. Nf3 d6 3. Bb5+ Nd7 4. a4 a6 5. Be2 Ngf6 6. Nc3 g6 7. O-O Bg7 8.
d4 cxd4 9. Nxd4 O-O 10. Nb3 b6 11. Re1 Qc7 12. Bg5 Bb7 13. Bf1 Rac8 14. Qd2
Rfe8 15. Rac1 Ne5 16. Nd5 Nxd5 17. exd5 Nc4 18. Bxc4 Qxc4 19. Bxe7 Bxb2 20.
Rcd1 Bc3 21. Qh6 Bg7 22. Qd2 Be5 23. Rxe5 dxe5 24. d6 Qc6 25. f3 Qd7 26. Qg5
Rxc2 27. Qxe5 Bc6 28. a5 bxa5 29. Nd4 Qa7 30. Kh1 Rc5 31. Nxc6 Rxc6 32. h4
Qd7 33. Qf6 a4 34. h5 Rc5 35. hxg6 Rh5+ 36. Kg1 hxg6 37. g4 Rc5 38. Kh2 Rec8
39. Qh4 Qb5 40. Bf6 Qe2+ 41. Kg3 Rh5 42. d7 Rd8 43. gxh5 Qxd1 44. Bxd8 Qxd7
45. h6 Qd6+ 46. Kg4 f5+ 47. Kh3 Kh7 48. Qf6 Qxf6 49. Bxf6 Kxh6 50. Kh4 a3
51. f4 a5 52. Ba1 a4 53. Bf6 a2 54. Ba1 g5+ 55. fxg5+ Kg6 56. Bf6 a3 57. Ba1
f4 58. Kg4 f3 59. Kxf3 Kxg5 60. Ke3 {Game drawn by mutual agreement} 1/2-1/2

[Event "ICC tourney 1955 (60 10)"]
[Site "Internet Chess Club"]
[Date "2020.08.08"]
[Round "6"]
[White "AVS"]
[Black "xyzchessdude"]
[Result "0-1"]
[ICCResult "White checkmated"]
[WhiteElo "1824"]
[BlackElo "2051"]
[Opening "Sicilian: Grand Prix attack"]
[ECO "B23"]
[NIC "SI.44"]
[Time "18:37:46"]
[TimeControl "3600+10"]

1. e4 c5 2. Nc3 Nc6 3. f4 g6 4. Nf3 Bg7 5. d3 d6 6. g3 Bg4 7. Bg2 Nd4 8. O-O
Qd7 9. Nd5 e6 10. Ne3 Bxf3 11. Bxf3 Nxf3+ 12. Qxf3 f5 13. exf5 gxf5 14. Nc4
O-O-O 15. Be3 Ne7 16. Rab1 Qc6 17. b4 Qxf3 18. Rxf3 Nd5 19. bxc5 Nxe3 20.
Nxe3 dxc5 21. Nc4 h5 22. Re1 Bd4+ 23. Kg2 Rhe8 24. Re2 b5 25. Ne5 Kc7 26.
Rf1 Rd6 27. Nf7 Ra6 28. Ng5 Bf6 29. c4 b4 30. Rfe1 Kd7 31. Nh7 Bc3 32. Rc1
e5 33. fxe5 Rxe5 34. Rcc2 Rd6 35. Rxe5 Bxe5 36. Re2 Bg7 37. Re3 a5 38. Rf3
Kc6 39. Rxf5 Rxd3 40. Rf3 Rxf3 41. Kxf3 a4 42. Ke2 b3 43. axb3 a3 44. Ng5 a2
45. Ne6 a1=Q 46. Nxg7 Qxg7 47. Kf3 Qg4+ 48. Kg2 h4 49. Kf2 h3 50. Ke3 Qd4+
51. Kf3 Qg1 52. Kg4 Qxh2 53. Kh4 Qg2 54. g4 h2 55. Kg5 h1=Q 56. Kf6 Qhf1+
57. Ke7 Qe4+ 58. Kd8 Qf8# {White checkmated} 0-1

[Event "ICC tourney 1955 (60 10)"]
[Site "Internet Chess Club"]
[Date "2020.08.08"]
[Round "6"]
[White "zchen15"]
[Black "kralj8"]
[Result "0-1"]
[ICCResult "White checkmated"]
[WhiteElo "1890"]
[BlackElo "1808"]
[Opening "QGD: Ragozin variation"]
[ECO "D38"]
[NIC "NI.27"]
[Time "18:37:30"]
[TimeControl "3600+10"]

1. d4 d5 2. c4 e6 3. Nc3 Bb4 4. Nf3 Nf6 5. Bg5 h6 6. Bd2 O-O 7. g4 Nxg4 8.
Rg1 h5 9. h3 Nf6 10. Bh6 Ne8 11. cxd5 exd5 12. Qd3 Qf6 13. Bg5 Qf5 14. Qd2
f6 15. Nh4 Qh7 16. Bf4 Nd6 17. Qc1 Re8 18. Bxd6 cxd6 19. Ng6 Nc6 20. Bg2 Be6
21. Nf4 Nxd4 22. Nxe6 Nxe6 23. Bxd5 Kh8 24. Kf1 Bxc3 25. Qxc3 Rac8 26. Qb4
Qf5 27. Qb3 Nf4 28. Qxb7 Qxh3+ 29. Bg2 Nxg2 30. Qxg2 Qxg2+ 31. Rxg2 Rc2 32.
e3 Rxb2 33. Rh2 g6 34. Rh4 Rc8 35. Rf4 Kg7 36. a4 Rcc2 37. Rd1 Rd2 38. Rc1
g5 39. Rf3 Kg6 40. Rc7 g4 41. Rf4 Rd1+ 42. Kg2 Rbb1 43. f3 Rd2+ 44. Kg3 Rg1+
45. Kh4 Rh2# {White checkmated} 0-1